 Dungeon Crawl Stone Soup version 0.23.2-33-g5129a83184 (webtiles) character file.

Game seed: 8131770534912869348

47 funkygono the Conjurer (level 3, -4/26 HPs)
             Began as a Demigod Conjurer on June 28, 2019.
             Slain by an ice beast (5 damage)
             ... on level 2 of the Dungeon.
             The game lasted 00:03:04 (1153 turns).

funkygono the Conjurer (Demigod Conjurer)           Turns: 1153, Time: 00:03:05

Health: -4/26      AC:  3    Str: 11    XL:     3   Next: 29%
Magic:  0/9        EV: 13    Int: 21    God:
Gold:   101        SH:  0    Dex: 16    Spells: 3/6 levels left

rFire    . . .     SeeInvis .   d - +0 dagger (elec)
rCold    . . .     Gourm    .   (no shield)
rNeg     . . .     Faith    .   a - +0 robe
rPois    .         Spirit   .   (no helmet)
rElec    .         Reflect  .   l - +0 cloak
rCorr    .         Harm     .   (no gloves)
MR       .....                  (no boots)
Stlth    ++........             (no amulet)
HPRegen  0.08/turn              (no ring)
MPRegen  0.11/turn              (no ring)

@: no status effects
A: high mp 1
a: no special abilities


You were on level 2 of the Dungeon.
You were hungry.

You visited 1 branch of the dungeon, and saw 2 of its levels.

You collected 101 gold pieces.

Inventory:

Hand Weapons
 d - a +0 dagger of electrocution (weapon)
Missiles
 k - 35 stones (quivered)
Armour
 a - a +0 robe (worn)
 l - a +0 cloak (worn)
Potions
 b - a potion of flight
 e - a potion of degeneration {unknown}
 f - a potion of berserk rage {unknown}
 g - a potion of curing {unknown}
Comestibles
 c - 2 rations
 h - 6 chunks of flesh


   Skills:
 + Level 2.0 Dodging
 + Level 2.1 Stealth
 * Level 2.3 Spellcasting
 + Level 4.2 Conjurations


You had 3 spell levels left.
You knew the following spells:

 Your Spells              Type           Power        Failure   Level  Hunger
a - Magic Dart            Conj           ###.         2%          1    #......
b - Searing Ray           Conj           ###...       3%          2    ##.....

Your spell library contained the following spells:

 Spells                   Type           Power        Failure   Level  Hunger
 Dazzling Spray           Conj/Hex       ##....       19%         3    ###....
 Iskenderun's Mystic Bla  Conj           ###.....     26%         4    #####..
 Force Lance              Conj/Tloc      ##......     52%         4    #####..
 Fulminant Prism          Conj/Hex       ##........   52%         4    #####..


Dungeon Overview and Level Annotations

Branches:
Dungeon (2/15)


Innate Abilities, Weirdness & Mutations

You have an increased reservoir of magic. (+10% MP)


Message History

The searing ray hits the ice beast but does no damage.
The ice beast is severely wounded.
The ice beast barely misses you.
The searing ray hits the ice beast.
The ice beast is almost dead.
The ice beast barely misses you.
You hit the ice beast.
The ice beast is almost dead.
The ice beast hits you. The ice beast freezes you.
You hit the ice beast but do no damage.
The ice beast is almost dead.
The ice beast hits you. The ice beast freezes you!
Ouch! That really hurt!
* * * LOW HITPOINT WARNING * * *
You hit the ice beast.
The ice beast is almost dead.
The ice beast hits you.
* * * LOW HITPOINT WARNING * * *
The ice beast freezes you.
You die...

#### #. #.[. .. #.
#.... ... .## #.
#.... ..# .... #.
#...[. ..###..# #.
#.....# #..#..# #..
#.
#......##.....##...
##
#......Y..........
###..##.@.......# #
##..._...####.#
.$##.........##..##
..................#
##..##.....##.....#
#.###..#..###....#
#.##..###..##....# #
....###........####
####..#.........##..


You could see an ice beast.

Vanquished Creatures
  An adder (D:2)
  A worm (D:2)
  2 leopard geckos
  A giant cockroach (D:1)
  2 goblins
  5 hobgoblins
  4 jackals (D:1)
  2 bats (D:1)
  A frilled lizard (D:2)
  5 kobolds
  9 rats
33 creatures vanquished.

Notes
Turn   | Place    | Note
-------+----------+-------------------------------------------
     0 | D:1      | funkygono the Demigod Conjurer began the quest for the Orb.
     0 | D:1      | Reached XP level 1. HP: 14/14 MP: 5/5
   314 | D:1      | Reached XP level 2. HP: 20/20 MP: 5/7
   318 | D:1      | Learned a level 2 spell: Searing Ray
   471 | D:1      | Reached skill level 4 in Conjurations
   922 | D:2      | Reached XP level 3. HP: 26/26 MP: 2/8
  1023 | D:2      | Found a shadowy altar of Dithmenos.
  1139 | D:2      | Noticed an ice beast
  1153 | D:2      | HP: 1/26 [ice beast (3)]
  1153 | D:2      | Slain by an ice beast

Skill      XL: |  1  2 |
---------------+-------+-----
Dodging        | 2 |  2.0
Stealth        | 2 |  2.1
Conjurations   | 4 |  4.2
Spellcasting   | 2 |  2.3

Action                   || total
-------------------------++-------
Melee: Dagger            ||    31
 Cast: Magic Dart        ||    58
       Searing Ray       ||     3
  Use: Scroll            ||     3
  Eat: Chunk             ||     1
Armor: Robe              ||     6
Dodge: Dodged            ||    28
